Unix NetHack Version 5.0.0-0 post-release - last build May 10 2026 23:12:36 (d1fa5d53e341ca933230fdaa984d921c805b60aa,branch:main).

Game began 2026-05-13 05:17:24, ended 2026-05-13 06:24:36.

Brudee, neutral female human Tourist

                               ###
                              ##%#---------
                              ##a@o.a..<...
                                  |.....o.|
                                  ........|
                                  ---------

Brudee the Excursionist     St:11 Dx:11 Co:25 In:12 Wi:11 Ch:14  Neutral S:12204
Dlvl:6  $:105 HP:0(74) Pw:37(37) AC:6  Xp:9 T:7865 

Latest messages:
 You miss the killer bee.
 The killer bee stings!
 The killer bee stings!
 You kill the killer bee!
 The hill orc hits!
 The killer bee stings!
 You miss the killer bee.
 The hill orc hits!
 The killer bee stings!
 You miss the killer bee.
 The killer bee stings!
 You miss the killer bee.
 The hill orc hits!
 The killer bee stings!
 You miss the killer bee.
 The hill orc hits!
 The killer bee stings!
 The killer bee misses!
 You miss the killer bee.
 The hill orc hits!
 The killer bee stings!
 The killer bee stings!
 You miss the killer bee.
 The killer bee misses!
 The killer bee stings!
 You hit the killer bee!
 The hill orc hits!
 The killer bee misses!
 You kill the killer bee!
 The killer bee misses!
 You hit the killer bee.
 You knock the killer bee backward with a powerful blow!
 The hill orc hits!
 You hit the hill orc.
 You miss the killer bee.
 The hill orc hits!
 The killer bee stings!
 You miss the killer bee.
 The hill orc hits!
 The killer bee stings!
 The killer bee just misses!
 You miss the killer bee.
 The hill orc hits!
 The killer bee stings!
 What do you want to write with? [- acr-txA-CGI-KTWY or ?*] ?
 The wand is too worn out to engrave.
 The hill orc hits!
 You die...
 Do you want your possessions identified? [ynq] (y) y
 Do you want to see your attributes? [ynq] (y) q

Inventory:
 Coins    ('$')
  $ - 105 gold pieces
 Weapons  (')')
  s - 5 +0 arrows
  t - a +0 bow
  a - 16 +2 darts (at the ready)
  c - the rustproof +2 Ogresmasher (weapon in left hand)
  W - a +0 scimitar
 Armor    ('[')
  P - an uncursed +0 pair of leather gloves (being worn)
  E - an uncursed +0 pair of jumping boots
  M - an uncursed +0 pair of low boots
  D - an uncursed +0 cloak of protection (being worn)
  k - an uncursed +0 Hawaiian shirt with a ukulele motif (being worn)
 Comestibles  ('%')
  n - an uncursed lizard corpse
 Scrolls  ('?')
  i - a cursed scroll of blank paper
  Q - an uncursed scroll of charging
  O - an uncursed scroll of confuse monster
  L - an uncursed scroll of destroy armor
  f - an uncursed scroll of enchant weapon
  S - a cursed scroll of enchant weapon
  H - a blessed scroll of identify
  R - 2 uncursed scrolls of light
  z - a cursed scroll of punishment
 Spellbooks  ('+')
  g - an uncursed spellbook of slow monster
  u - an uncursed spellbook of stone to flesh
 Potions  ('!')
  j - an uncursed potion of full healing
  Z - a blessed potion of healing
  h - an uncursed potion of sickness
  X - 2 potions of holy water
 Rings    ('=')
  G - an uncursed ring of fire resistance
  A - an uncursed ring of invisibility
 Wands    ('/')
  I - a wand of fire (0:0)
  J - a wand of magic missile (0:0)
  K - a wand of make invisible (0:3)
  r - a wand of make invisible (0:2)
  T - a wand of slow monster (0:7)
  C - a wand of striking (0:5)
 Tools    ('(')
  d - a bag of tricks (0:7)
  l - an expensive camera (0:78)
  F - a cursed magic lamp (lit)
  V - a +0 pick-axe
  q - an uncursed skeleton key
  Y - an uncursed towel
 Gems/Stones  ('*')
  x - a blessed luckstone
  B - a blessed touchstone

Brudee the Tourist's attributes:

Background:
 You were an Excursionist, a level 9 female human Tourist.
 You were neutral, on a mission for The Lady
 who was opposed by Blind Io (lawful) and Offler (chaotic).
 You were left-handed.
 You were in the Dungeons of Doom, on level 6.
 You entered the dungeon 7865 turns ago.
 You had 2906 experience points, 2214 more were needed to attain level 10.
 Your score was 12204 before end-of-game adjustments.

Basics:
 You had 0 out of 74 hit points.
 You had all 37 energy points (spell power).
 Your armor class was 6.
 Your wallet contained 105 zorkmids.
 Autopickup was off.

Final Characteristics:
 Your strength was 11 (peak:16, limit:18/100).
 Your dexterity was 11 (peak:12, limit:18).
 Your constitution was 25 (base:17, peak:18, innate limit:18).
 Your intelligence was 12 (limit:18).
 Your wisdom was 11 (limit:18).
 Your charisma was 14 (limit:18).

Final Status:
 You weren't hungry.
 You were unencumbered.
 You were wielding a hammer.
 You were unskilled in hammer.

Final Attributes:
 You were piously aligned.
 You were poison resistant.
 You were telepathic.
 You were protected.
 You were very lucky.
 You had extra luck.
 Good luck did not time out for you.
 You are dead.

Miscellaneous:
 You didn't encounter any bones levels.
 Total elapsed playing time was 1 hour, 7 minutes and 10 seconds.

Major events:
 Turn
    1: Brudee the neutral female human Tourist entered the dungeon
  188: entered the Gnomish Mines
  395: attained the rank of Sightseer (level 3)
  556: stole 9038 zorkmids worth of merchandise from Wonotobo's general store
 1673: was bestowed with Giantslayer by The Lady
 2169: reached Mine Town
 2194: attained the rank of Excursionist (level 6)
 5884: was bestowed with Ogresmasher by The Lady
 7865: killed by a hill orc

Spells:
 Name                 Level Category     Fail Retention
 detect monsters        1   divination    19%   51%-75%

Skills:
 Fighting Skills
   bare handed combat [Unskilled]
   two weapon combat  [Unskilled]
   riding             [Unskilled]
 Weapon Skills
   dagger             [Unskilled]
   knife              [Unskilled]
   axe                [Unskilled]
   pick-axe           [Unskilled]
   short sword        [Unskilled]
   broadsword         [Unskilled]
   long sword         [Basic]
   two-handed sword   [Unskilled]
   saber              [Unskilled]
   mace               [Unskilled]
   morning star       [Unskilled]
   flail              [Unskilled]
   hammer             [Unskilled]
   quarterstaff       [Unskilled]
   polearms           [Unskilled]
   spear              [Unskilled]
   trident            [Unskilled]
   lance              [Unskilled]
   bow                [Unskilled]
   sling              [Unskilled]
   crossbow           [Unskilled]
   dart               [Skilled]
   shuriken           [Unskilled]
   boomerang          [Unskilled]
   whip               [Unskilled]
   unicorn horn       [Unskilled]
 Spellcasting Skills
   divination spells  [Unskilled]
   enchantment spells [Unskilled]
   escape spells      [Unskilled]

Voluntary challenges:
 Character rerolling was not enabled.
 You never genocided any monsters.
 You never polymorphed an object.
 You used no wishes.
Achievements:
 You entered the Gnomish Mines.
 You attained the rank of Sightseer.
 You entered a shop.
 You entered Minetown.
 You entered a temple.
 You attained the rank of Excursionist.

 The Dungeons of Doom: levels 1 to 6
    Level 1:
    Level 2:
       An altar to The Lady.
       Stairs down to The Gnomish Mines.
    Level 3:
       A general store, a fountain.
    Level 4:
    Level 5:
       A fountain.
       Oracle of Delphi.
    Level 6: <- You were here.
       Final resting place for
          you, killed by a hill orc.
 The Gnomish Mines: levels 3 to 11
    Level 3:
    Level 4:
    Level 5:
    Level 6:
       Some shops, a temple and an altar, some fountains.
    Level 7:
    Level 8: "FRIENDLY UNICORN"
    Level 9:
    Level 10:
    Level 11:


Vanquished creatures:
  a giant mimic
  a small mimic
 an ogre leader
  a shocking sphere
  2 ettin zombies
  2 watchmen
  a cockatrice
  3 winter wolf cubs
  a leprechaun
  2 giant spiders
  2 gnome rulers
  2 lizards
  a housecat
  2 jaguars
  a dust vortex
  2 ravens
  a gnome mummy
  2 snakes
  4 apes
  3 human zombies
  2 rope golems
  a soldier ant
  a bugbear
  2 quasits
  a water nymph
  a mountain nymph
 an orc shaman
  a rock piercer
  3 yellow lights
 11 gnome leaders
  5 gnomish wizards
  a Kop Lieutenant
  2 gray oozes
  2 little dogs
  a floating eye
  a kitten
 14 dwarves
  a homunculus
  2 kobold leaders
  9 hill orcs
  7 rothes
  a rabid rat
  3 Kop Sergeants
  3 monkeys
 an iguana
  3 killer bees
  2 acid blobs
  5 hobbits
  2 manes
  3 large kobolds
  a giant rat
  2 cave spiders
  a brown mold
  3 yellow molds
  a green mold
 53 gnomes
 11 Keystone Kops
  6 garter snakes
  5 geckos
  3 jackals
  3 foxes
  a kobold
  3 goblins
  a sewer rat
 13 grid bugs
  6 lichens
  2 kobold zombies
  5 newts
247 creatures vanquished.

No species were genocided or became extinct.

Game over:
                       ----------
                      /          \
                     /    REST    \
                    /      IN      \
                   /     PEACE      \
                  /                  \
                  |      Brudee      |
                  |      105 Au      |
                  | killed by a hill |
                  |       orc        |
                  |                  |
                  |                  |
                  |       2026       |
                 *|     *  *  *      | *
        _________)/\\_//(\/(/\)/\//\/|_)_______

Aloha Brudee the Tourist...

You died in The Dungeons of Doom on dungeon level 6 with 12204 points,
and 105 pieces of gold, after 7865 moves.
You were level 9 with a maximum of 74 hit points when you died.

